| TOP OF THE 1ST |
|
University of Maine Black Bears batting - Pitching for University of Virginia Cavaliers : LHP Juan Quiroz
|
|
Pitching: LHP Juan Quiroz
|
|
|
Batting: RHB Justin Degon
|
0-0: Ground out U3 (Groundball, 34S, EV 85.0 MPH)
|
|
Batting: RHB Wang Huan
|
0-0: Hit by Pitch
|
|
Batting: SHB Mario Barajas
|
0-0: Called Strike 0-1: Called Strike 0-2: Foul Ball, location: 2F 0-2: Fielders Choice at 2nd, 1-6 (Groundball, 13S, EV 64.4 MPH)
|
|
Batting: LHB Taro Inamine
|
0-0: Called Strike Mario Barajas is caught stealing 2nd base 2-6
|
| Top of the 1st over - 0 runs, 0 hits, 0 errors, 0 left on base; University of Maine 0 - University of Virginia 0 |
| BOTTOM OF THE 1ST |
|
University of Virginia Cavaliers batting - Pitching for University of Maine Black Bears : RHP Kurt Goff
|
|
Pitching: RHP Kurt Goff
|
|
|
Batting: RHB Scott Anderson
|
0-0: Ball 1-0: Called Strike 1-1: Ball 2-1: Ground out 3-1 (Groundball, 13, EV 83.8 MPH)
|
|
Batting: RHB Luke Bertrand
|
0-0: Ball 1-0: Ball 2-0: Called Strike 2-1: Foul Ball, location: 2F 2-2: Fly out, F8 (Line Drive, 8LM, EV 99.4 MPH)
|
|
Batting: LHB Alex Aguilar
|
0-0: Ball 1-0: Ball 2-0: Foul Ball, location: 2F 2-1: Ball 3-1: Called Strike 3-2: Foul Ball, location: 2F 3-2: Strikes out swinging
|
| Bottom of the 1st over - 0 runs, 0 hits, 0 errors, 0 left on base; University of Maine 0 - University of Virginia 0 |
| TOP OF THE 2ND |
|
University of Maine Black Bears batting - Pitching for University of Virginia Cavaliers : LHP Juan Quiroz
|
|
Batting: LHB Taro Inamine
|
0-0: Called Strike 0-1: Ball 1-1: Ball 2-1: Foul Ball, location: 2F 2-2: Strikes out looking
|
|
Batting: LHB Ed Leighton
|
0-0: Called Strike 0-1: Ball 1-1: Called Strike 1-2: Ball 2-2: Ball 3-2: Fly out, F6 (Popup, 6D, EV 64.4 MPH)
|
|
Batting: RHB Rewa Havika
|
0-0: Called Strike 0-1: Ball 1-1: Fly out, F1 (Popup, 13, EV 85.0 MPH)
|
| Top of the 2nd over - 0 runs, 0 hits, 0 errors, 0 left on base; University of Maine 0 - University of Virginia 0 |
| BOTTOM OF THE 2ND |
|
University of Virginia Cavaliers batting - Pitching for University of Maine Black Bears : RHP Kurt Goff
|
|
Batting: LHB Edelberto Barbas
|
0-0: Ground out 4-3 (Groundball, 4S, EV 90.0 MPH)
|
|
Batting: LHB Ray Nichter
|
0-0: Ball 1-0: Ball 2-0: Swinging Strike 2-1: Called Strike 2-2: Strikes out swinging
|
|
Batting: RHB Jason Lambert
|
0-0: Foul Ball, location: 2F 0-1: Ball 1-1: Ball 2-1: Fly out, F9 (Flyball, 9D, EV 88.1 MPH)
|
| Bottom of the 2nd over - 0 runs, 0 hits, 0 errors, 0 left on base; University of Maine 0 - University of Virginia 0 |
| TOP OF THE 3RD |
|
University of Maine Black Bears batting - Pitching for University of Virginia Cavaliers : LHP Juan Quiroz
|
|
Batting: LHB John Bergeron
|
0-0: Foul Ball, location: 2F 0-1: Ball 1-1: Ball 2-1: Foul Ball, location: 2F 2-2: Ball 3-2: Foul Ball, location: 2F 3-2: Strikes out swinging
|
|
Batting: LHB John Knox
|
0-0: Called Strike 0-1: Foul Ball, location: 2F 0-2: Ball 1-2: Fly out, F7 (Flyball, 7LDF, EV 92.5 MPH)
|
|
Batting: RHB Pita Arnurna
|
0-0: Called Strike 0-1: Ball 1-1: Foul Ball, location: 2F 1-2: Foul Ball, location: 2F 1-2: Strikes out swinging
|
| Top of the 3rd over - 0 runs, 0 hits, 0 errors, 0 left on base; University of Maine 0 - University of Virginia 0 |
| BOTTOM OF THE 3RD |
|
University of Virginia Cavaliers batting - Pitching for University of Maine Black Bears : RHP Kurt Goff
|
|
Batting: RHB Nick Cech
|
0-0: Foul Ball, location: 2F 0-1: Ground out 5-3 (Groundball, 5L, EV 77.5 MPH)
|
|
Batting: RHB Tony Montoya
|
0-0: Ground out 6-3 (Groundball, 6, EV 83.8 MPH)
|
|
Batting: SHB Ethan Lewis
|
0-0: Ball 1-0: Ball 2-0: SINGLE (Groundball, 34, EV 105.0 MPH)
|
|
Batting: RHB Scott Anderson
|
0-0: Called Strike 0-1: Called Strike 0-2: Foul Ball, location: 2F 0-2: Ball 1-2: Foul Ball, location: 2F 1-2: Ground out 2-3 (Groundball, 2L, EV 63.1 MPH)
|
| Bottom of the 3rd over - 0 runs, 1 hit, 0 errors, 1 left on base; University of Maine 0 - University of Virginia 0 |
| TOP OF THE 4TH |
|
University of Maine Black Bears batting - Pitching for University of Virginia Cavaliers : LHP Juan Quiroz
|
|
Batting: RHB Justin Degon
|
0-0: Swinging Strike 0-1: Foul Ball, location: 2F 0-2: Ball 1-2: Strikes out looking
|
|
Batting: RHB Wang Huan
|
0-0: Called Strike 0-1: Foul Ball, location: 2F 0-2: Foul Ball, location: 2F 0-2: Foul Ball, location: 2F 0-2: Ball 1-2: Ball 2-2: Ground out 1-3 (Groundball, 15S, EV 71.9 MPH)
|
|
Batting: SHB Mario Barajas
|
0-0: Ball 1-0: Called Strike 1-1: Foul Ball, location: 2F 1-2: Ball 2-2: Foul Ball, location: 2F 2-2: Ground out 6-3 (Groundball, 56, EV 77.5 MPH)
|
| Top of the 4th over - 0 runs, 0 hits, 0 errors, 0 left on base; University of Maine 0 - University of Virginia 0 |
| BOTTOM OF THE 4TH |
|
University of Virginia Cavaliers batting - Pitching for University of Maine Black Bears : RHP Kurt Goff
|
|
Batting: RHB Luke Bertrand
|
0-0: SINGLE (Groundball, 6MD, EV 95.6 MPH)
|
|
Batting: LHB Alex Aguilar
|
0-0: Called Strike 0-1: Foul Ball, location: 2F 0-2: 2-RUN HOME RUN (Flyball, 9D, EV 95.6 MPH), Distance : 371 ft
|
|
Batting: LHB Edelberto Barbas
|
0-0: Foul Ball, location: 2F 0-1: SINGLE (Line Drive, 89M, EV 101.2 MPH)
|
|
Batting: LHB Ray Nichter
|
0-0: Ball 1-0: Ball 2-0: Called Strike 2-1: Fly out, F7 (Flyball, 7, EV 81.9 MPH)
|
|
Batting: RHB Jason Lambert
|
0-0: Swinging Strike Pickoff Throw to First - Out! 1-3 0-1: Ball 1-1: Ball 2-1: Foul Ball, location: 2F 2-2: Ball 3-2: Ground out 4-3 (Groundball, 4, EV 103.1 MPH)
|
| Bottom of the 4th over - 2 runs, 3 hits, 0 errors, 0 left on base; University of Maine 0 - University of Virginia 2 |
| TOP OF THE 5TH |
|
University of Maine Black Bears batting - Pitching for University of Virginia Cavaliers : LHP Juan Quiroz
|
|
Batting: LHB Taro Inamine
|
0-0: Foul Ball, location: 2F 0-1: Foul Ball, location: 2F 0-2: Ball 1-2: Strikes out looking
|
|
Batting: LHB Ed Leighton
|
0-0: Ball 1-0: Fly out, F8 (Flyball, 8RD, EV 101.2 MPH)
|
|
Batting: RHB Rewa Havika
|
0-0: Ball 1-0: Called Strike 1-1: Swinging Strike 1-2: Strikes out swinging
|
| Top of the 5th over - 0 runs, 0 hits, 0 errors, 0 left on base; University of Maine 0 - University of Virginia 2 |
| BOTTOM OF THE 5TH |
|
University of Virginia Cavaliers batting - Pitching for University of Maine Black Bears : RHP Kurt Goff
|
|
Batting: RHB Nick Cech
|
0-0: Ball 1-0: Called Strike 1-1: Fly out, F8 (Flyball, 8RXD, EV 107.5 MPH)
|
|
Batting: RHB Tony Montoya
|
0-0: Ball 1-0: Foul Ball, location: 2F 1-1: Called Strike 1-2: Foul Ball, location: 2F 1-2: Ball 2-2: Strikes out swinging
|
|
Batting: SHB Ethan Lewis
|
0-0: Called Strike 0-1: Ball 1-1: Foul Ball, location: 2F 1-2: Foul Ball, location: 2F 1-2: Foul Ball, location: 2F 1-2: Strikes out swinging
|
| Bottom of the 5th over - 0 runs, 0 hits, 0 errors, 0 left on base; University of Maine 0 - University of Virginia 2 |
| TOP OF THE 6TH |
|
University of Maine Black Bears batting - Pitching for University of Virginia Cavaliers : LHP Juan Quiroz
|
|
Batting: LHB John Bergeron
|
0-0: Called Strike 0-1: Foul Ball, location: 2F 0-2: Ball 1-2: Foul Ball, location: 2F 1-2: Ball 2-2: Foul Ball, location: 2F 2-2: Ball 3-2: Ground out 4-3 (Groundball, 4S, EV 79.4 MPH)
|
|
Batting: LHB John Knox
|
0-0: Called Strike 0-1: Ball 1-1: Ball 2-1: Swinging Strike 2-2: Strikes out swinging
|
|
Batting: RHB Pita Arnurna
|
0-0: Called Strike 0-1: Called Strike 0-2: Strikes out looking
|
| Top of the 6th over - 0 runs, 0 hits, 0 errors, 0 left on base; University of Maine 0 - University of Virginia 2 |
| BOTTOM OF THE 6TH |
|
University of Virginia Cavaliers batting - Pitching for University of Maine Black Bears : RHP Kurt Goff
|
|
Batting: RHB Scott Anderson
|
0-0: Foul Ball, location: 2F 0-1: Ball 1-1: Fly out, F7 (Flyball, 7D, EV 97.5 MPH)
|
|
Batting: RHB Luke Bertrand
|
0-0: Reached on error, E7 (Flyball, 78S, EV 91.2 MPH)
|
|
Batting: LHB Alex Aguilar
|
0-0: Ball Luke Bertrand is caught stealing 2nd base 2-6 1-0: Foul Ball, location: 2F 1-1: Swinging Strike 1-2: Ground out U3 (Groundball, 3, EV 86.9 MPH)
|
| Bottom of the 6th over - 0 runs, 0 hits, 1 error, 0 left on base; University of Maine 0 - University of Virginia 2 |
| TOP OF THE 7TH |
|
University of Maine Black Bears batting - Pitching for University of Virginia Cavaliers : LHP Juan Quiroz
|
|
Batting: RHB Justin Degon
|
0-0: SINGLE (Line Drive, 9S, EV 98.1 MPH)
|
|
Pitching: RHP Waldemar Toet
|
|
|
Batting: RHB Wang Huan
|
0-0: Called Strike 0-1: Ball 1-1: Bunted foul 1-2: Foul Ball, location: 2F 1-2: Ball 2-2: Foul Ball, location: 2F 2-2: Ball Wild Pitch! Justin Degon to second 3-2: Strikes out looking
|
|
Batting: SHB Mario Barajas
|
0-0: Called Strike 0-1: Fly out, F7 (Line Drive, 78D, EV 88.1 MPH)
|
|
Batting: LHB Taro Inamine
|
0-0: Ball 1-0: Ball 2-0: Ball 3-0: Foul Ball, location: 2F 3-1: Base on Balls
|
|
Batting: LHB Ed Leighton
|
0-0: Called Strike 0-1: Ball 1-1: Ball 2-1: Called Strike 2-2: Ball 3-2: Fly out, F8 (Flyball, 8RS, EV 97.5 MPH)
|
| Top of the 7th over - 0 runs, 1 hit, 0 errors, 2 left on base; University of Maine 0 - University of Virginia 2 |
| BOTTOM OF THE 7TH |
|
University of Virginia Cavaliers batting - Pitching for University of Maine Black Bears : RHP Kurt Goff
|
|
Pitching: LHP Al Sisneros
|
|
|
Batting: LHB Edelberto Barbas
|
0-0: Foul Ball, location: 2F 0-1: Ground out U3 (Groundball, 3L, EV 81.9 MPH)
|
|
Batting: LHB Ray Nichter
|
0-0: Swinging Strike 0-1: Foul Ball, location: 2F 0-2: Ball 1-2: Ground out 1-3 (Groundball, 34S, EV 70.6 MPH)
|
|
Batting: RHB Jason Lambert
|
0-0: Ball 1-0: Foul Ball, location: 2F 1-1: Ball 2-1: Ball 3-1: DOUBLE (Groundball, 5L, EV 111.2 MPH)
|
|
Batting: RHB Nick Cech
|
0-0: Foul Ball, location: 2F 0-1: Ball 1-1: Foul Ball, location: 2F 1-2: Strikes out swinging
|
| Bottom of the 7th over - 0 runs, 1 hit, 0 errors, 1 left on base; University of Maine 0 - University of Virginia 2 |
| TOP OF THE 8TH |
|
University of Maine Black Bears batting - Pitching for University of Virginia Cavaliers : RHP Waldemar Toet
|
|
Batting: RHB Rewa Havika
|
0-0: Called Strike 0-1: Ball 1-1: Ball 2-1: Swinging Strike 2-2: Fly out, F8 (Flyball, 8RXD, EV 98.8 MPH)
|
|
Batting: LHB John Bergeron
|
0-0: Called Strike 0-1: Ball 1-1: Ground out 3-1 (Groundball, 34, EV 101.9 MPH)
|
|
Batting: LHB John Knox
|
0-0: Called Strike 0-1: Foul Ball, location: 2F 0-2: Ball 1-2: Ball 2-2: Ball 3-2: Foul Ball, location: 2F 3-2: Fly out, F7 (Flyball, 7, EV 85.6 MPH)
|
| Top of the 8th over - 0 runs, 0 hits, 0 errors, 0 left on base; University of Maine 0 - University of Virginia 2 |
| BOTTOM OF THE 8TH |
|
University of Virginia Cavaliers batting - Pitching for University of Maine Black Bears : LHP Al Sisneros
|
|
Batting: RHB Tony Montoya
|
0-0: Swinging Strike 0-1: Ball 1-1: Ball 2-1: Ball 3-1: Foul Ball, location: 2F 3-2: Strikes out swinging
|
|
Batting: SHB Ethan Lewis
|
0-0: Called Strike 0-1: SINGLE (Groundball, 6MS, EV 86.9 MPH) (infield hit)
|
|
Batting: RHB Scott Anderson
|
0-0: Ball 1-0: Fly out, F9 (Line Drive, 9, EV 102.5 MPH)
|
|
Batting: RHB Luke Bertrand
|
0-0: Called Strike 0-1: Ground out 1-3 (Groundball, 13S, EV 68.1 MPH)
|
| Bottom of the 8th over - 0 runs, 1 hit, 0 errors, 1 left on base; University of Maine 0 - University of Virginia 2 |
| TOP OF THE 9TH |
|
University of Maine Black Bears batting - Pitching for University of Virginia Cavaliers : RHP Waldemar Toet
|
|
Pitching: RHP Ruud van der Meulen
|
|
|
Pinch Hitting: LHB Dave Aguilar
|
0-0: SINGLE (Groundball, 6MD, EV 86.9 MPH) (infield hit)
|
|
Batting: RHB Justin Degon
|
0-0: Fly out, F9 (Flyball, 9, EV 96.9 MPH)
|
|
Batting: RHB Wang Huan
|
0-0: SINGLE (Line Drive, 34D, EV 96.9 MPH) Dave Aguilar to second
|
|
Batting: SHB Mario Barajas
|
0-0: Ball 1-0: Foul Ball, location: 2F 1-1: Foul Ball, location: 2LF, Error on foul ball, E2 1-2: Strikes out swinging
|
|
Batting: LHB Taro Inamine
|
0-0: Called Strike 0-1: Ball 1-1: Foul Ball, location: 2F 1-2: Ball 2-2: Strikes out swinging
|
| Top of the 9th over - 0 runs, 2 hits, 1 error, 2 left on base; University of Maine 0 - University of Virginia 2 |
|